 Dungeon Crawl Stone Soup version 0.26.0-15-gc6cd9f700b (webtiles) character file.

Game seed: 17416932734759847216

324 xSliceyx the Sneak (level 6, -2/38 HPs)
             Began as a Kobold Brigand on Jan 16, 2021.
             Was an Initiate of Gozag.
             Slain by a phantom (8 damage)
             ... on level 4 of the Dungeon.
             The game lasted 00:09:11 (3868 turns).

xSliceyx the Sneak (Kobold Brigand)                 Turns: 3868, Time: 00:09:11

Health: -2/38      AC:  6    Str: 11    XL:     6   Next: 77%
Magic:  6/6        EV: 16    Int: 12    God:    Gozag
Gold:   520        SH:  0    Dex: 16    Spells: 5/5 levels left

rFire    . . .     SeeInvis .   a - +2 dagger
rCold    . . .     Faith    .   (shield restricted)
rNeg     . . .     Spirit   .   b - +0 robe
rPois    .         Reflect  .   (no helmet)
rElec    .         Harm     .   c - +0 cloak
rCorr    .         Rampage  .   p - +0 pair of gloves
Will     .....                  j - +1 pair of boots
Stlth    +++++.....             (no amulet)
HPRegen  0.12/turn              (no ring)
MPRegen  0.10/turn              (no ring)

@: no status effects
A: small, nightstalker 3
a: Renounce Religion, Potion Petition, Call Merchant, Bribe Branch


You were on level 4 of the Dungeon.
You worshipped Gozag.
Gozag was pleased with you.
You visited 1 branch of the dungeon, and saw 4 of its levels.

You collected 579 gold pieces.
You paid 59 gold pieces to Gozag.

Inventory:

Hand Weapons
 a - a +2 dagger (weapon)
Missiles
 d - 45 poisoned darts (quivered)
 e - a curare-tipped dart
 o - 2 atropa-tipped darts
Armour
 b - a +0 robe (worn)
 c - a +0 cloak (worn)
 j - a +1 pair of boots (worn)
 p - a +0 pair of gloves (worn)
Scrolls
 f - 2 scrolls of remove curse
 g - 2 scrolls of identify {unknown}
 h - a scroll of noise {unknown}
 k - a scroll of teleportation {unknown}
 l - a scroll of enchant weapon {unknown}
 n - 2 scrolls of enchant armour {unknown}
 q - a scroll of amnesia {unknown}
 u - a scroll of blinking {unknown}
Potions
 i - a potion of curing
 m - a potion of ambrosia {unknown}
 r - a potion of heal wounds {unknown}
 s - a potion of magic {unknown}
 t - a potion of mutation {unknown}
 v - a potion of lignification {unknown}


   Skills:
 + Level 4.0 Fighting
 + Level 4.9 Short Blades
 - Level 2.1 Throwing
 + Level 3.8 Dodging
 + Level 7.0 Stealth


You had 5 spell levels left.
You didn't know any spells.
Your spell library was empty.

Dungeon Overview and Level Annotations

Branches:
Dungeon (4/15)
 Temple: D:4-7

Altars:
Gozag
Hepliaklqana
Sif Muna
Trog
Vehumet
Xom


Innate Abilities, Weirdness & Mutations

You are small and have problems with some larger weapons.
You are completely attuned to the shadows.


Message History

The phantom is severely damaged.
You hit the phantom but do no damage.
The phantom is severely damaged.
The phantom misses you.
You closely miss the phantom.
The phantom is severely damaged.
The phantom hits you.
The phantom blinks!
The phantom blinks!
You closely miss the phantom.
The phantom is severely damaged.
The phantom hits you!
* * * LOW HITPOINT WARNING * * *
The phantom blinks!
You miss the phantom.
The phantom is severely damaged.
You hit the phantom.
The phantom is almost destroyed.
The phantom hits you!
You die...
Your body crumbles into a pile of gold.

.####### .......#
## ######W# #. #@#
#.
#ยง###############.
#.................
##################


You could see a phantom.

Vanquished Creatures
  An ogre (D:4)
  2 worker ants (D:4)
  3 gnolls (D:3)
  7 adders
  An ooze (D:2)
  3 worms (D:2)
  2 dart slugs
  3 leopard geckos
  5 orcs (D:3)
  A ball python (D:3)
  A giant cockroach (D:2)
  7 goblins
  7 hobgoblins
  7 jackals
  5 quokkas
  8 bats
  8 kobolds
  A quokka skeleton (D:4)
  5 rats
77 creatures vanquished.

Vanquished Creatures (others)
  A wizard (D:3)
1 creature vanquished.

Grand Total: 78 creatures vanquished

Notes
Turn   | Place    | Note
-------+----------+-------------------------------------------
     0 | D:1      | xSliceyx the Kobold Brigand began the quest for the Orb.
     0 | D:1      | Reached XP level 1. HP: 12/12 MP: 1/1
    67 | D:1      | Reached XP level 2. HP: 15/18 MP: 2/2
  1018 | D:2      | Reached XP level 3. HP: 22/22 MP: 3/3
  1151 | D:2      | Found an opulent altar of Gozag.
  1204 | D:2      | Found a shimmering altar of Xom.
  1239 | D:2      | Found a hazy altar of Hepliaklqana.
  1492 | D:2      | Reached XP level 4. HP: 27/27 MP: 4/4
  1530 | D:2      | Reached skill level 6 in Stealth
  1843 | D:2      | Found a radiant altar of Vehumet.
  1917 | D:2      | Found a shimmering blue altar of Sif Muna.
  1990 | D:2      | Became a worshipper of Gozag Ym Sagoz the Greedy
  2390 | D:3      | Reached XP level 5. HP: 32/32 MP: 5/5
  2521 | D:3      | Found a bloodstained altar of Trog.
  2524 | D:3      | Noticed a wizard
  2537 | D:3      | Killed a wizard
  3261 | D:4      | Reached XP level 6. HP: 11/38 MP: 6/6
  3549 | D:4      | Noticed an ogre
  3568 | D:4      | Killed an ogre
  3772 | D:4      | Reached skill level 7 in Stealth
  3809 | D:4      | Noticed a phantom
  3868 | D:4      | Slain by a phantom

Illustrated notes

Levels and vault maps discovered:
D:1:      tarquinn_simple_flora_water_c, layout_basic
D:2:      minmay_recursive_quarters, layout_rooms, nzn_hepliaklqana_mist_gate,
          lemuel_doored_altar, lemuel_blue_sif_altar, xom_teletrap_fun,
          nicolae_overflow_hidden_temple
D:3:      layout_basic, trog_wizard
D:4:      layout_basic

Skill      XL: |  1  2  3  4  5  6 |
---------------+-------------------+-----
Short Blades   | 3 4 |  4.9
Dodging        | 2 3 |  3.8
Fighting       | 3 4 |  4.0
Stealth        | 6 7 |  7.0
Throwing       | |  2.1

Action                   |  1- 3 |  4- 6 || total
-------------------------+-------+-------++-------
Melee: Dagger            |    72 |   209 ||   281
Throw: Dart              |     2 |     4 ||     6
  Use: Scroll            |       |     1 ||     1
       Potion            |       |     1 ||     1
 Stab: Sleeping          |    15 |    19 ||    34
       Distracted        |       |     1 ||     1
Armor: Robe              |     7 |    27 ||    34
Dodge: Dodged            |    33 |   119 ||   152
